 Dungeon Crawl Stone Soup version 0.21.1-1-g345015f (webtiles) character file.

123 Kairos the Digger (level 5, -4/28 HPs)
             Began as a Gargoyle Earth Elementalist on Mar 26, 2018.
             Killed from afar by an orc wizard (10 damage)
             ... with a puff of flame
             ... on level 3 of the Dungeon.
             The game lasted 00:04:51 (2162 turns).

Kairos the Digger (Gargoyle Earth Elementalist)     Turns: 2162, Time: 00:04:51

Health: -4/28      AC:  9    Str: 12    XL:     5   Next: 7%
Magic:  5/9        EV: 10    Int: 16    God:
Gold:   185        SH:  0    Dex: 10    Spells: 8/9 levels left

rFire    . . .     SeeInvis .   a - +2 short sword (vamp)
rCold    . . .     Gourm    .   (no shield)
rNeg     + . .     Faith    .   k - +0 ring mail
rPois    ∞         Spirit   .   (no helmet)
rElec    +         Reflect  .   (no cloak)
rCorr    .         Harm     .   (no gloves)
MR       +....                  (no boots)
Stlth    +.........             (no amulet)
HPRegen  0.09/turn              g - ring of protection from magic
MPRegen  0.11/turn              (no ring)

@: very slightly contaminated
A: negative energy resistance 1, electricity resistance, unbreathing,
petrification resistance, rot immunity, AC +4
a: no special abilities


You were on level 3 of the Dungeon.
You were not hungry.

You visited 1 branch of the dungeon, and saw 3 of its levels.

You collected 185 gold pieces.

Inventory:

Hand Weapons
 a - a +2 vampiric short sword (weapon)
Missiles
 b - 87 stones (quivered)
Armour
 c - a +0 robe
 k - a +0 ring mail (worn)
Jewellery
 g - a ring of protection from magic (left hand)
Wands
 w - a wand of random effects (30)
Scrolls
 d - a scroll of immolation {unknown}
 f - 2 scrolls of identify {unknown}
 m - a scroll of blinking {unknown}
 n - a scroll of remove curse {unknown}
 o - 3 scrolls of magic mapping {unknown}
 p - a scroll of teleportation {unknown}
 q - a scroll of enchant armour {unknown}
 t - a scroll of enchant weapon {unknown}
 u - a scroll of amnesia {unknown}
Potions
 i - a potion of agility {unknown}
 j - a potion of mutation {unknown}
 l - a potion of flight {unknown}
 r - a potion of might {unknown}
 s - a potion of invisibility {unknown}
 v - a potion of brilliance {unknown}
Books
 e - a book of Geomancy

   Spells                             Type                      Level
   a - Sandblast                      Earth                        1
   b - Passwall                       Transmutation/Earth          2
   c - Stone Arrow                    Conjuration/Earth            3
   d - Petrify                        Transmutation/Earth          4
   e - Lee's Rapid Deconstruction     Earth                        5
Comestibles
 h - 2 rations


   Skills:
 + Level 0.7 Fighting
 + Level 1.6 Short Blades
 + Level 0.9 Armour
 + Level 1.9 Dodging
 + Level 2.6 Stealth
 + Level 2.8 Spellcasting
   Level 0.7 Transmutations
 + Level 4.6 Earth Magic


You had 8 spell levels left.
You knew the following spells:

 Your Spells              Type           Power        Failure   Level  Hunger
a - Sandblast             Erth           ###...       6%          1    #......


Dungeon Overview and Level Annotations

Branches:
Dungeon (3/15)

Altars:


Innate Abilities, Weirdness & Mutations

You are resistant to torment.
Your stone body is resilient. (AC +4)
You are immune to poison.
You resist negative energy. (rN+)
You are resistant to electric shocks. (rElec)
You can survive without breathing.
You are immune to petrification.
You are immune to rotting.


Message History

* * * LOW HITPOINT WARNING * * *
The orc wizard completely misses you.
Casting: Sandblast
Confirm with . or Enter, or press ? or * to list all spells.
Aiming: Sandblast
Press: ? - help, Shift-Dir - straight line, f/p - orc wizard
Aim: an orc wizard, wielding a dagger and wearing a robe (moderately wounded, fast)
The blast of sand hits the orc wizard.
The orc wizard is severely wounded.
b - 87 stones The orc wizard looks encouraged for a moment.
You closely miss the orc wizard.
The orc wizard is severely wounded.
The orc wizard hits you but does no damage.
The orc wizard barely misses you.
You hit the orc wizard.
You feel better.
The orc wizard is almost dead.
The orc wizard gestures at you while chanting.
The puff of flame hits you!
You die...

#.### #...# ###
#.###.#.# ##.## ###
#....<#.####...###..
#.#.#....##.....##.#
#..............<...#
###.##...####.######
##o###### #.# #.@.# #.#
#...# ##+## #...#
##...## #####.###
##.....##
#.......#####.......##
#.........##.........##
#..#.......'.........'.
#..##...#.##.........##
#..#....#.###.......##


You could see an orc wizard.

Vanquished Creatures
  Natasha (D:2)
  4 adders
  3 worms (D:2)
  2 dart slugs (D:1)
  A leopard gecko (D:2)
  3 orcs (D:3)
  A giant cockroach (D:1)
  5 hobgoblins
  9 bats
  8 goblins
  5 kobolds
  3 rats
45 creatures vanquished.

Notes
Turn   | Place    | Note
-------+----------+-------------------------------------------
     0 | D:1      | Kairos the Gargoyle Earth Elementalist began the quest for the Orb.
     0 | D:1      | Reached XP level 1. HP: 10/10 MP: 3/3
   143 | D:1      | Reached skill level 4 in Earth Magic
   143 | D:1      | Reached XP level 2. HP: 15/15 MP: 5/5
   575 | D:1      | Reached XP level 3. HP: 14/19 MP: 6/6
   889 | D:2      | Reached skill level 1 in Short Blades
   890 | D:2      | Reached XP level 4. HP: 21/24 MP: 3/7
  1335 | D:2      | Noticed Natasha
  1344 | D:2      | Killed Natasha
  1344 | D:2      | Reached XP level 5. HP: 28/28 MP: 4/9
  2162 | D:3      | Killed from afar by an orc wizard

Skill      XL: |  1  2  3 |
---------------+----------+-----
Earth Magic    | 4 |  4.6
Short Blades   | 1 |  1.6
Fighting       | |  0.7
Armour         | |  0.9
Dodging        | |  1.9
Stealth        | |  2.6
Spellcasting   | |  2.8
Transmutations | |  0.7

Action                   |  1- 3 |  4- 6 || total
-------------------------+-------+-------++-------
Melee: Short sword       |    85 |    52 ||   137
       Unarmed           |     2 |       ||     2
 Cast: Sandblast         |     6 |    21 ||    27
 Stab: Sleeping          |     1 |       ||     1
  Eat: Ration            |     1 |     1 ||     2
       Chunk             |     1 |     2 ||     3
Armor: Robe              |    21 |       ||    21
       Ring mail         |    32 |    25 ||    57
Dodge: Dodged            |    70 |    35 ||   105
